 Dungeon Crawl Stone Soup version 0.23-a0-301-g9da9e51 (webtiles) character file.

703 Geeful the Skirmisher (level 7, -10/76 HPs)
             Began as an Ogre Abyssal Knight on Oct 7, 2018.
             Was a Believer of Lugonu.
             Mangled by an ogre
             ... wielding a cursed -2 giant club
              (25 damage)
             ... on level 5 of the Dungeon.
             The game lasted 00:17:24 (6299 turns).

Geeful the Skirmisher (Ogre Abyssal Knight)         Turns: 6299, Time: 00:17:25

Health: -10/76     AC:  4    Str: 18    XL:     7   Next: 66%
Magic:  10/10      EV: 11    Int: 13    God:    Lugonu [**....]
Gold:   283        SH:  0    Dex:  9    Spells: 6/6 levels left

rFire    . . .     SeeInvis .   u - +0 giant club
rCold    . . .     Gourm    .   (shield currently unavailable)
rNeg     + . .     Faith    .   b - +1 robe
rPois    .         Spirit   .   (helmet restricted)
rElec    .         Reflect  .   (no cloak)
rCorr    .         Harm     .   (gloves unavailable)
MR       .....                  (boots unavailable)
Stlth    +.........             (no amulet)
HPRegen  0.22/turn              f - ring of positive energy
MPRegen  0.12/turn              (no ring)

@: no status effects
A: large, unfitting armour, tough skin 1
a: Depart the Abyss, Bend Space, Renounce Religion


You were on level 5 of the Dungeon.
You worshipped Lugonu.
Lugonu was pleased with you.
You were near starving.

You visited 2 branches of the dungeon, and saw 6 of its levels.
You visited the Abyss 1 time.

You collected 283 gold pieces.

Inventory:

Hand Weapons
 n - a +0 morningstar
 u - a +0 giant club (weapon)
Missiles
 g - 25 poisoned needles
 q - 8 curare-tipped needles
Armour
 b - a +1 robe (worn)
Jewellery
 f - a ring of positive energy (left hand)
Wands
 a - a wand of paralysis (5)
 r - a wand of disintegration (5)
 s - a wand of flame (26)
Scrolls
 d - 3 scrolls of enchant armour
 e - 2 scrolls of remove curse
 j - 2 scrolls of teleportation
 k - a scroll of fog
 p - a scroll of enchant weapon {unknown}
 t - a scroll of magic mapping {unknown}
Potions
 h - 3 potions of agility
 i - a potion of ambrosia {unknown}
 l - a potion of cancellation
 m - a potion of brilliance
 o - 2 potions of degeneration {unknown}
Comestibles
 c - 7 rations


   Skills:
 + Level 6.7 Fighting
 + Level 4.1 Maces & Flails
 + Level 4.1 Dodging
 + Level 4.8 Invocations


You had 6 spell levels left.
You didn't know any spells.
Your spell library was empty.

Dungeon Overview and Level Annotations

Branches:
Dungeon (5/15)             Temple (1/1) D:4

Altars:
Hepliaklqana
Wu Jian
Yredelemnul
The Shining One


Innate Abilities, Weirdness & Mutations

You are too large for most types of armour.
You have tough skin. (AC +1)


Message History

The orc barely misses you. x2
You barely miss the orc.
The orc is lightly wounded.
The orc barely misses you. The orc hits you but does no damage.
The orc barely misses you.
You sock the orc!
You kill the orc!
Lugonu accepts your kill. The orc barely misses you.
The ogre completely misses you.
You barely miss the ogre. The orc closely misses you.
The ogre barely misses you.
You bludgeon the ogre!!
The ogre is severely wounded.
The orc hits you from afar with a trident!
* * * LOW HITPOINT WARNING * * *
The ogre closely misses you. The orc closely misses you.
You thump the ogre!
The ogre is almost dead.
The ogre hits you with a giant club!!
You die...

... #..######..#### ... .
.........)..... ... .#####
######.#.###. .... ....
............
....##..#######.##.###.##.
.....(##......#.........
#...##.###.......##...
##..o##............(...
#(..gO@................
#..#######........###..
#..# #........'.... #).#
#........###.. ...#
#........# #..
.##.#######........# #..
#o #g#..............# ##>
# #.#........####### #.
#.#........# #.


You could see an ogre, a gnoll and an orc.

Vanquished Creatures
  Sigmund (D:3)
  An ogre (D:5)
  A gnoll sergeant (D:5)
  An orc priest (D:5)
  2 orc wizards
  2 worker ants
  7 gnolls
  10 adders
  An ooze (D:1)
  3 worms
  2 dart slugs (D:2)
  A leopard gecko (D:3)
  16 orcs
  A ball python (D:1)
  5 bats
  3 giant cockroaches
  6 hobgoblins
  4 jackals
  3 quokkas
  9 frilled lizards
  6 goblins
  8 kobolds
  2 rats
95 creatures vanquished.

Vanquished Creatures (others)
  2 starspawn tentacles (Abyss:1)
2 creatures vanquished.

Grand Total: 97 creatures vanquished

Notes
Turn   | Place    | Note
-------+----------+-------------------------------------------
     0 | Abyss:1  | Geeful the Ogre Abyssal Knight began the quest for the Orb.
     0 | Abyss:1  | Reached XP level 1. HP: 24/24 MP: 2/2
    73 | Abyss:1  | Noticed a tentacled starspawn
    76 | Abyss:1  | Noticed a ynoxinul
    80 | D:1      | Escaped the Abyss
   122 | D:1      | Reached * piety under Lugonu
   217 | D:1      | Reached XP level 2. HP: 15/32 MP: 3/3
   786 | D:1      | Reached XP level 3. HP: 40/40 MP: 4/4
  1948 | D:2      | Reached XP level 4. HP: 45/49 MP: 6/6
  2337 | D:2      | HP: 2/49 [poisoned by a worker ant]
  3052 | D:2      | Reached skill level 5 in Fighting
  3097 | D:3      | Reached XP level 5. HP: 48/57 MP: 7/7
  3175 | D:3      | Reached ** piety under Lugonu
  3603 | D:3      | Noticed Sigmund
  3616 | D:3      | Killed Sigmund
  3616 | D:3      | Reached XP level 6. HP: 47/67 MP: 8/8
  4264 | D:4      | Reached skill level 6 in Fighting
  4697 | D:4      | Reached XP level 7. HP: 65/75 MP: 10/10
  5029 | D:4      | Found a staircase to the Ecumenical Temple.
  5153 | Temple   | Entered the Ecumenical Temple
  5419 | D:5      | Entered Level 5 of the Dungeon
  6299 | D:5      | Mangled by an ogre

Vault maps used:
D:1:      wheals_arrival_shading
D:2:      minmay_misc_feat_x
D:3:      uniq_sigmund
D:4:      minmay_temple_entry_butterflies
D:5:      grunt_temple_overflow_opulence,
          chequers_temple_overflow_statue_of_worship, first_ration
Temple:   eino_temple_rhombus

Skill      XL: |  1  2  3  4  5  6  7 |
---------------+----------------------+-----
Maces & Flails | 2 3 4 |  4.1
Invocations    | 3 4 |  4.8
Fighting       | 5 6 |  6.7
Dodging        | 3 4 |  4.1

Action                   |  1- 3 |  4- 6 |  7- 9 || total
-------------------------+-------+-------+-------++-------
Melee: Mace              |    91 |    79 |       ||   170
       Morningstar       |       |   145 |    59 ||   204
       Giant club        |       |       |    39 ||    39
Throw: Throwing net      |       |       |     1 ||     1
Invok: Depart the Abyss  |     1 |       |       ||     1
Evoke: Wand              |       |     2 |     2 ||     4
  Use: Scroll            |     2 |     6 |     1 ||     9
       Potion            |       |     4 |       ||     4
 Stab: Sleeping          |       |     1 |       ||     1
       Paralysed         |       |     3 |     5 ||     8
       Invisible         |       |     1 |       ||     1
  Eat: Chunk             |     3 |     9 |     4 ||    16
Armor: Robe              |    23 |    69 |    23 ||   115
Dodge: Dodged            |    50 |   133 |    81 ||   264

Table legend:
 A = Non-vault XP
 B = Vault XP
 C = Vault XP percentage of total XP
 D = Non-vault monster count
 E = Vault monster count
 F = Vault count percentage of total count
                 A         B        C        D         E       F
            +---------+---------+-------+---------+---------+-------
      Total |     785 |     220 |  21.9 |      94 |       1 |   1.1
            +---------+---------+-------+---------+---------+-------
        D:1 |      48 |       0 |   0.0 |      21 |       0 |   0.0
        D:2 |     111 |       0 |   0.0 |      21 |       0 |   0.0
        D:3 |     155 |     220 |  58.7 |      28 |       1 |   3.4
        D:4 |      91 |       0 |   0.0 |       8 |       0 |   0.0
        D:5 |     380 |       0 |   0.0 |      16 |       0 |   0.0
            +---------+---------+-------+---------+---------+-------
